 Dungeon Crawl Stone Soup version 0.24.0-13-gcf9b3192b9 (webtiles) character file.

Game seed: 11314186335622790873, levelgen mode: deterministic

177 kamilLOL25 the Slasher (level 5, -1/40 HPs)
             Began as a Human Gladiator on Nov 10, 2019.
             Killed by divine providence
             ... invoked by an orc priest
              (17 damage)
             ... on level 4 of the Dungeon.
             The game lasted 00:14:59 (2744 turns).

kamilLOL25 the Slasher (Human Gladiator)            Turns: 2744, Time: 00:15:00

Health: -1/40      AC: 10    Str: 14    XL:     5   Next: 87%
Magic:  5/5        EV: 26    Int:  9    God:
Gold:   165        SH:  0    Dex: 15    Spells: 4/4 levels left

rFire    . . .     SeeInvis .   a - +0 long sword
rCold    . . .     Gourm    .   (no shield)
rNeg     . . .     Faith    .   r - +0 scale mail
rPois    .         Spirit   .   c - +0 helmet
rElec    .         Reflect  .   (no cloak)
rCorr    .         Harm     .   e - +2 pair of gloves
MR       .....                  (no boots)
Stlth    ..........             o - amulet of the acrobat
HPRegen  0.13/turn              h - ring of wizardry
MPRegen  0.09/turn              (no ring)

@: acrobat
A: no striking features
a: no special abilities


You were on level 4 of the Dungeon.
You were not hungry.

You visited 1 branch of the dungeon, and saw 4 of its levels.

You collected 165 gold pieces.

Inventory:

Hand Weapons
 a - a +0 long sword (weapon)
Missiles
 d - 3 throwing nets (quivered)
 k - 40 arrows
 m - 122 stones
 t - 31 poisoned darts
Armour
 c - a +0 helmet (worn)
 e - a +2 pair of gloves (worn)
 r - a +0 scale mail (worn)
Jewellery
 h - a ring of wizardry (left hand)
 o - an amulet of the acrobat (around neck)
Wands
 q - a wand of random effects (21)
Scrolls
 j - 2 scrolls of identify
 x - a scroll of magic mapping
Potions
 g - a potion of heal wounds {unknown}
 l - 3 potions of cancellation
 n - a potion of flight {unknown}
 s - a potion of might {unknown}
 u - 2 potions of agility {unknown}
 v - a potion of haste {unknown}
Comestibles
 f - 4 rations


   Skills:
 + Level 2.8 Fighting
 + Level 4.7 Long Blades
 + Level 2.0 Throwing
 + Level 1.9 Armour
 + Level 3.5 Dodging
 + Level 0.6 Stealth


You had 4 spell levels left.
You didn't know any spells.
Your spell library was empty.

Dungeon Overview and Level Annotations

Branches:
Dungeon (4/15)
 Temple: D:4-7

Altars:
Dithmenos
Uskayaw


Message History

The orc is lightly wounded.
The gnoll shouts!
The orc barely misses you.
The gnoll throws a stone.
The stone closely misses you.
You hit the orc.
The orc is heavily wounded.
The orc barely misses you.
The gnoll throws a stone.
The stone hits you but does no damage.
The orc priest calls upon Beogh to heal the orc.
The orc's wounds heal themselves!
A gnoll comes into view.
The gnoll shouts!
The orc misses you.
The orc priest looks braver for a moment.
The gnoll hits you but does no damage.
There is a stone staircase leading down here.
The gnoll throws a stone.
The stone misses you.
The orc priest calls down the wrath of Beogh upon you.
Beogh smites you!
You die...

..............##...
....#........#....
....#........#..##.
##gg.............
#.....)..........
##............[..
####...............
#####.#................
#...#....@goo..........
#..<......(........###.
#.......###....#####
######.## #...## ###
##..# ####


You could see an orc priest, 3 gnolls and an orc.

Vanquished Creatures
  An orc wizard (D:4)
  Ijyb (D:3)
  A worker ant (D:4)
  3 adders
  2 river rats (D:3)
  A dart slug (D:1)
  5 leopard geckos
  An orc (D:3)
  A bat (D:1)
  8 giant cockroaches
  4 goblins
  5 hobgoblins
  6 kobolds
  4 ball pythons (D:3)
  3 frilled lizards
  5 rats
51 creatures vanquished.

Notes
Turn   | Place    | Note
-------+----------+-------------------------------------------
     0 | D:1      | kamilLOL25 the Human Gladiator began the quest for the Orb.
     0 | D:1      | Reached XP level 1. HP: 16/16 MP: 1/1
   289 | D:1      | Reached XP level 2. HP: 22/22 MP: 2/2
   699 | D:1      | Reached XP level 3. HP: 27/27 MP: 3/3
   859 | D:2      | Found a shadowy altar of Dithmenos.
  1054 | D:2      | Reached skill level 1 in Armour
  1248 | D:3      | Noticed Ijyb
  1285 | D:3      | Killed Ijyb
  1285 | D:3      | Reached XP level 4. HP: 30/33 MP: 4/4
  1645 | D:3      | Reached skill level 4 in Long Blades
  1677 | D:3      | Found a hide-covered altar of Uskayaw.
  1883 | D:3      | Reached XP level 5. HP: 17/38 MP: 5/5
  2744 | D:4      | Killed from afar by an orc priest

Levels and vault maps discovered:
D:1:      evilmike_arrival_rings, layout_rooms
D:2:      minmay_chambers_of_ones, layout_basic,
          grunt_dithmenos_smoke_and_mirrors
D:3:      layout_basic, nicolae_overflow_crystal_walls, first_ration,
          portal_sewer_entry_e, wander_ebering_terrifying_dragon_lair, uniq_ijyb
D:4:      layout_cave_pools, overflow_temple_1_default, sigmund_edmund_badplayer

Skill      XL: |  1  2  3  4 |
---------------+-------------+-----
Armour         | 1 |  1.9
Long Blades    | 4 |  4.7
Fighting       | |  2.8
Throwing       | |  2.0
Dodging        | |  3.5
Stealth        | |  0.6

Action                   |  1- 3 |  4- 6 || total
-------------------------+-------+-------++-------
Melee: Long sword        |   112 |    93 ||   205
  Use: Scroll            |     1 |     7 ||     8
  Eat: Chunk             |     1 |     2 ||     3
       Ration            |       |     1 ||     1
Armor: Leather armour    |    19 |       ||    19
       Scale mail        |    26 |    58 ||    84
Dodge: Dodged            |    92 |    63 ||   155
       Rpst.: Long sword |    32 |    17 ||    49
